 Dungeon Crawl Stone Soup version 0.30-a0-137-gd8773701ce (webtiles) character file.

Game seed: 763123984081180534

92 KennySheep the Conjurer (level 4, -1/24 HPs)
             Began as a Tengu Conjurer on Sept 23, 2022.
             Was an Initiate of Ru.
             Slain by an adder (4 damage)
             ... on level 2 of the Dungeon.
             The game lasted 00:06:04 (2010 turns).

KennySheep the Conjurer (Tengu Conjurer)            Turns: 2010, Time: 00:06:04

Health: -1/24      AC:  2    Str:  8    XL:     4   Next: 60%
Magic:  10/10      EV: 12    Int: 20    God:    Ru [......]
Gold:   56         SH:  0    Dex: 12    Spells: 6/9 levels left

rFire   . . .      SeeInvis .    j - +3 whip
rCold   . . .      Faith    .    (no shield)
rNeg    . . .      Spirit   .    a - +0 robe
rPois   +          Reflect  .    (helmet restricted)
rElec   .          Harm     .    h - scarf {+Inv}
rCorr   .          Rampage  .    (no gloves)
Will    .....      Clarity  +    (boots unavailable)
Stlth   ..........               (no amulet)
HPRegen 0.08/turn                (no ring)
MPRegen 0.12/turn                (no ring)

@: lethally poisoned (-1 -> -2)
A: beak, talons 3, no stealth, antennae 1, clarity, poison resistance
a: Renounce Religion, Evoke Invisibility


You were on level 2 of the Dungeon.
You worshipped Ru.
Ru was noncommittal.
You visited 1 branch of the dungeon, and saw 2 of its levels.

You collected 56 gold pieces.

Inventory:

Hand Weapons
 j - a +3 whip (weapon)
Missiles
 k - a throwing net
Armour
 a - a +0 robe (worn)
 h - a scarf of invisibility (worn)
Jewellery
 n - a +6 ring of strength
Scrolls
 c - a scroll of teleportation
 d - 2 scrolls of identify
 e - 2 scrolls of noise
 g - a scroll of summoning {unknown}
 i - a scroll of torment {unknown}
 l - a scroll of enchant weapon {unknown}
 m - a scroll of immolation {unknown}
Potions
 b - a potion of magic
 f - 2 potions of mutation


   Skills:
 - Level 2.1 Dodging
 + Level 3.3 Spellcasting
 + Level 6.6 Conjurations


You had 6 spell levels left.
You knew the following spells:

 Your Spells              Type           Power      Damage    Failure   Level
a - Magic Dart            Conj           100%       1d8       1%          1
b - Searing Ray           Conj           60%        2d6       1%          2

Your spell library contained the following spells:

 Spells                   Type           Power      Damage    Failure   Level
 Dazzling Flash           Conj/Hex       32%        N/A       11%         3
 Scorch                   Fire           6%         2d5       21%         2
 Flame Wave               Conj/Fire      16%        2d7       34%         4
 Fulminant Prism          Conj/Hex       8%         3d7       34%         4
 Iskenderun's Mystic Bla  Conj/Tloc      16%        2d5       34%         4
 Summon Cactus Giant      Summ           1%         N/A       100%        6


Dungeon Overview and Level Annotations

Branches:
Dungeon (2/15)

Altars:
Ru


Innate Abilities, Weirdness & Mutations

You have a beak for a mouth.
You have claws for feet.
You cannot be stealthy.
You have a pair of small antennae on your head.
You possess an exceptional clarity of mind.
Your system is resistant to poisons. (rPois)


Message History

The bat misses you.
You miss the bat. Your kick misses the bat.
The bat hits you but does no damage. The adder bites you.
You are poisoned.
The adder poisons you! The bat hits you but does no damage.
You barely miss the adder. You peck the adder, but do no damage.
You feel sick. The bat completely misses you. The adder barely misses you.
You miss the adder. Your kick misses the adder.
You feel sick. The bat barely misses you. The adder closely misses you.
The adder bites you but does no damage.
You barely miss the adder. You claw the adder.
The adder is lightly wounded.
You feel sick. The bat barely misses you. The adder barely misses you.
You miss the adder.
The adder is lightly wounded.
You feel sick.
You are no longer poisoned.
The bat closely misses you. The adder bites you.
The bat hits you but does no damage.
You hit the adder. Your kick misses the adder. You peck the adder.
The adder is heavily wounded.
The bat hits you but does no damage. The adder bites you.
The adder bites you but does no damage.
You closely miss the adder. Your kick misses the adder.
The adder is heavily wounded.
The adder bites you. The bat misses you.
You closely miss the adder.
The adder is heavily wounded.
The bat hits you but does no damage. x2; The adder bites you.
* * * LOW HITPOINT WARNING * * *
You are poisoned.
The adder poisons you! The adder barely misses you.
You closely miss the adder. Your kick misses the adder. You peck the adder.
The adder is severely wounded.
You feel sick. The bat closely misses you. The adder closely misses you.
You hit the adder.
The adder is almost dead.
You feel sick. The bat barely misses you. The adder closely misses you.
The adder bites you.
You die...

.............#### .###
.....)........... ...##
#########..#..#######.#... #
#####..#..####........
#####............b........
.....####..#..............
.....# #..#...###..#...# .....#
#..#...###..#...#
.########..#....@S......#####.
.............................>
.########..#...###..#........
.##................b.........
.....###.#.#.#.###.##...##.#.
.............#.###.##..###.#
.##.####.#.#.#.....##......# .
........................####....
................................


You could see an adder and a bat.

Vanquished Creatures
  2 gnolls (D:2)
  4 adders (D:2)
  2 worms (D:2)
  An endoplasm (D:2)
  6 goblins
  6 hobgoblins
  3 jackals (D:1)
  A kobold (D:1)
  A quokka (D:2)
  2 ball pythons (D:2)
  A bat (D:2)
  A frilled lizard (D:1)
  3 rats (D:2)
33 creatures vanquished.

Notes
Turn   | Place    | Note
-------+----------+-------------------------------------------
     0 | D:1      | KennySheep the Tengu Conjurer began the quest for the Orb.
     0 | D:1      | Reached XP level 1. HP: 10/10 MP: 4/4
   141 | D:1      | Found a faded altar of an unknown god.
   189 | D:1      | Prayed at the altar of an unknown god.
   189 | D:1      | Became a worshipper of Ru the Awakened
   203 | D:1      | Gained mutation: You cannot be stealthy. [Ru sacrifice]
   274 | D:1      | Reached XP level 2. HP: 15/15 MP: 4/6
   435 | D:1      | You fall into a shaft and drop 1 floor!
   447 | D:2      | Learned a level 2 spell: Searing Ray
   719 | D:2      | Reached skill level 6 in Conjurations
   719 | D:2      | Reached XP level 3. HP: 10/19 MP: 0/8
  1199 | D:2      | Reached XP level 4. HP: 24/24 MP: 3/9
  1691 | D:2      | Gained mutation: You have a pair of small antennae on your
                  | head. [potion of mutation]
  1691 | D:2      | Gained mutation: Your system is resistant to poisons.
                  | (rPois) [potion of mutation]
  1691 | D:2      | Gained mutation: You possess an exceptional clarity of
                  | mind. [potion of mutation]
  2010 | D:2      | Slain by an adder

Illustrated notes

Levels and vault maps discovered:
D:1:      minmay_arrival_shattered_statue, layout_basic, serial_corexii_hall,
          corexii_hall_statues_x, corexii_hall_statues_s,
          hellmonk_ecumenical_altar_pennies_from_heaven
D:2:      minmay_recursive_quarters, layout_basic

Skill      XL: |  1  2  3 |
---------------+----------+-----
Stealth        | 0 |  0.0
Conjurations   | 6 |  6.6
Spellcasting   | 3 |  3.3
Dodging        | |  2.1

Action                   |  1- 3 |  4- 6 || total
-------------------------+-------+-------++-------
Melee: Unarmed           |     1 |     1 ||     2
       Whip              |       |    14 ||    14
       Kick              |       |     4 ||     4
       Peck              |       |     4 ||     4
 Cast: Magic Dart        |    46 |    24 ||    70
       Searing Ray       |     1 |       ||     1
Invok: Sacrifice Stealth |     1 |       ||     1
  Use: Scroll            |       |     2 ||     2
       Potion            |       |     1 ||     1
Armor: Robe              |     3 |    12 ||    15
Dodge: Dodged            |     9 |    21 ||    30

Table legend: (Time is in decaauts)
 A = Elapsed time spent in this place.
 B = Non-inter-level travel time spent in this place.
 C = Inter-level travel time spent in this place.
 D = Time resting spent in this place.
 E = Time spent auto-exploring this place.
 F = Levels seen in this place.
 G = Mean time per level.
                   A        B        C        D        E       F      G
               +--------+--------+--------+--------+--------+-----+--------+
         Total |   2011 |   2011 |      0 |    647 |   1158 |   2 | 1005.5 |
       Dungeon |   2011 |   2011 |      0 |    647 |   1158 |   2 | 1005.5 |
               +--------+--------+--------+--------+--------+-----+--------+

Top non-repeatable levels by time:
     D:2: 1575 daAuts
     D:1: 436 daAuts
